 Dungeon Sprint DCSS version 0.31-a0-496-g6f97920a28 (webtiles) character file.

Game seed: 5715419861684547242

5653 Midn8 the Brawler (level 10, -17/172 HPs)
             Began as a Troll Shapeshifter on Aug 8, 2023.
             Was a Believer of Okawaru.
             Killed from afar by a crystal guardian (40 damage)
             ... with a crystal bolt
             ... in the Dungeon (Sprint II: "The Violet Keep of Menkaure").
             The game lasted 00:04:28 (750 turns).

Midn8 the Brawler (Troll Shapeshifter)               Turns: 750, Time: 00:04:28

Health: -17/172    AC: 25    Str: 25    XL:     10   Next: 46%
Magic:  8/9        EV:  1    Int:  4    God:    Okawaru [**....]
Gold:   1084       SH:  0    Dex: 14    Spells: 9/9 levels left

rFire   . .          .
                       - Unarmed
rCold   . . .        (no shield)
rNeg    . . .        a - melded +0 animal skin
rPois   +            (helmet currently unavailable)
rElec   .            (cloak currently unavailable)
rCorr   .            (gloves unavailable)
SInv    .            (boots unavailable)
Will    .....        (no amulet)
Stlth   +            x - ring of wizardry
HPRegen 1.28/turn    (no ring)
MPRegen 0.11/turn

%: no teleportation, wizardry (x1)
@: lethally poisoned (-17 -> -17), tree-form (expiring), slowed, very slow
A: stationary, stasis, torment immunity, boosted hp, large, unfitting armour,
(claws 3), regeneration 1, (shaggy fur 1), (tough skin 1)
a: Renounce Religion, Heroism


You were in the Dungeon.
You worshipped Okawaru.
Okawaru was pleased with you.
You were a tree.
You visited 1 branch You collected 1084 gold pieces.

Inventory:

Missiles
 q - a throwing net
Armour
 a - a +0 animal skin (melded)
Jewellery
 x - a ring of wizardry (left branch)
Talismans
 c - a beast talisman
 d - a flux talisman
Scrolls
 j - a scroll of blinking
 k - 2 scrolls of immolation {unknown}
 n - 2 scrolls of revelation {unknown}
 p - a scroll of poison {unknown}
 r - 5 scrolls of identify {unknown}
 s - a scroll of amnesia {unknown}
 t - a scroll of silence {unknown}
 u - a scroll of fog {unknown}
 y - a scroll of fear {unknown}
Potions
 e - a potion of curing
 f - a potion of heal wounds
 g - a potion of haste
 h - 6 potions of magic
 i - a potion of berserk rage
 l - a potion of brilliance {unknown}
 m - a potion of mutation {unknown}
 o - 4 potions of enlightenment {unknown}
 v - a potion of attraction {unknown}
 w - 3 potions of resistance {unknown}


   Skills:
 - Level 11.7 Fighting
 - Level 1.5 Dodging
 - Level 19.0 Unarmed Combat
 + Level 8.1 Shapeshifting


You had 9 spell levels left.
You didn't know any spells.
Your spell library contained the following spells:

 Spells                   Type           Power      Damage    Failure   Level
 Scorch                   Fire           0%         2d5       32%         2
 Flame Wave               Conj/Fire      0%         2d4       89%         4
 Summon Cactus Giant      Summ           Unusable   N/A       N/A         6

Dungeon Overview and Level Annotations

Branches:
Dungeon (1/1)

Altars:
Cheibriados
Dithmenos
Elyvilon
Fedhas
Gozag
Hepliaklqana
Kikubaaqudgha
Makhleb
Nemelex Xobeh
Okawaru
Qazlal
Ru
Sif Muna
Trog
Uskayaw
Vehumet
Wu Jian
Xom
Yredelemnul
Zin
The Shining One
Jiyva
Lugonu


Innate Abilities, Weirdness & Mutations

You are a tree.
Your roots penetrate the ground, keeping you stationary.
You cannot be teleported.
You are immune to unholy pain and torment.
Your maximum health is greatly increased.
Your equipment is partially melded.
You are too large for most types of armour.
((You have claws for hands.))
Your natural rate of healing is unusually fast.
((You are covered in fur. (AC +1)))
((You have tough skin. (AC +1)))


Message History

You pummel the death drake!!
The death drake is almost dead.
You feel very sick.
The death drake bites you but does no damage.
You smack the death drake!
You kill the death drake!
Okawaru is honoured by your kill.
You feel sick. The swamp drake breathes poison at you.
The noxious blast engulfs the swamp drake but does no damage.
The swamp drake roars!
Your Shapeshifting skill increases to level 6!
You smack the swamp drake!
The swamp drake is moderately wounded.
Your transformation is almost over.
You feel sick.
You pummel the death drake!!
The death drake is heavily wounded.
You feel like a meek peon again.
You feel sick.
The death drake bites you but does no damage.
You pummel the death drake!!
The death drake is almost dead.
You feel sick.
The death drake bites you but does no damage.
You smack the death drake!
You kill the death drake!
Okawaru accepts your kill.
You feel sick.
The swamp drake looks more healthy.
Your Shapeshifting skill increases to level 7!
You pummel the swamp drake!!
You kill the swamp drake!
Okawaru accepts your kill.
You feel sick.
Your Shapeshifting skill increases to level 8!
You hit the crystal guardian but do no damage.
You feel sick.
The crystal guardian fires a crystalline bolt at you.
The crystal bolt burns you!!!
You die...

.^ ##|)▓▓▓▓▓▓▓▓▓▓▓ .^
.#)}▓.[......▓▓ ##.. #.
k#|)▓.(..(...▓▓ $##.####
+.##k#"=▓.(...).)▓▓ .. ...#
...####▓..(.[[.)▓▓ B ###..##
#.°##.#▓........▓▓ ###.##..#
+.k#.)#▓........▓▓ ##...#..#
#.^#..#▓)...)...▓▓
.')#.'..####.°##♣#▓........▓▓
##†..#....###.^9##▓▓▓▓▓▓▓+▓▓▓▓+▓
###.##..§...~~~~~~~~~~~§~...≈≈≈▓
.####~~§§.§.~#+########'###.≈≈≈▓
..#~~~~~§~.§~#.._.....#~~~##≈≈≈▓
###~~~~§~~§§§#._._....#~§≈≈####▓
##~~~≈≈≈§~~~~#_._._...#~~~§≈#
~~°~§~§§≈≈~~§#._._._..#~§§§§≈#
'○'#~≈≈§≈≈≈≈~#_._._._.#~§§§§≈+


You could see a crystal guardian.

Vanquished Creatures
  A kraken (D)
  2 death drakes (D)
  A merfolk siren (D)
  A yaktaur (D)
  3 polar bears (D)
  A hornet (D)
  7 flying skulls (D)
  Menkaure (D)
  4 water moccasins (D)
  A swamp drake (D)
  4 necrophages (D)
  4 scorpions (D)
  5 tentacles (D)
35 creatures vanquished.

Vanquished Creatures (others)
  14 tentacles (D)
14 creatures vanquished.

Grand Total: 49 creatures vanquished

Notes
Turn   | Place    | Note
-------+----------+-------------------------------------------
     0 | D        | Midn8 the Troll Shapeshifter began the quest for the Orb.
     0 | D        | Reached XP level 1. HP: 18/18 MP: 0/0
     1 | D        | Noticed a scorpion
     1 | D        | Noticed a scorpion
     1 | D        | Noticed a scorpion
     1 | D        | Noticed a scorpion
     6 | D        | Killed a scorpion
     7 | D        | Reached skill level 6 in Unarmed Combat
     7 | D        | Reached XP level 2. HP: 30/31 MP: 1/1
     7 | D        | Reached XP level 3. HP: 36/37 MP: 2/2
    10 | D        | Killed a scorpion
    11 | D        | Reached skill level 8 in Unarmed Combat
    11 | D        | Reached XP level 4. HP: 45/49 MP: 3/3
    13 | D        | Killed a scorpion
    14 | D        | Reached skill level 5 in Fighting
    14 | D        | Reached skill level 9 in Unarmed Combat
    14 | D        | Reached XP level 5. HP: 40/57 MP: 4/4
    17 | D        | Reached skill level 10 in Unarmed Combat
    43 | D        | Noticed a merfolk siren
    47 | D        | Killed a merfolk siren
    48 | D        | Reached skill level 12 in Unarmed Combat
    48 | D        | Reached XP level 6. HP: 64/71 MP: 5/5
    48 | D        | Reached XP level 7. HP: 71/78 MP: 6/6
    55 | D        | Noticed a boulder beetle
    55 | D        | Noticed a boulder beetle
    63 | D        | Reached skill level 13 in Unarmed Combat
   124 | D        | Noticed Menkaure
   125 | D        | Noticed a flying skull
   127 | D        | Noticed a flying skull
   138 | D        | Killed a flying skull
   139 | D        | Reached skill level 14 in Unarmed Combat
   140 | D        | Killed a flying skull
   141 | D        | Reached XP level 8. HP: 82/91 MP: 7/7
   146 | D        | Killed Menkaure
   151 | D        | Noticed a flying skull
   151 | D        | Noticed a flying skull
   152 | D        | Noticed a flying skull
   152 | D        | Noticed a flying skull
   163 | D        | Reached skill level 15 in Unarmed Combat
   164 | D        | Killed a flying skull
   167 | D        | Killed a flying skull
   199 | D        | Found a stormy altar of Qazlal.
   199 | D        | Found an ornate altar of the Wu Jian Council.
   199 | D        | Noticed a flying skull
   200 | D        | Found a hazy altar of Hepliaklqana.
   200 | D        | Found a sacrificial altar of Ru.
   200 | D        | Found a shimmering altar of Xom.
   206 | D        | Killed a flying skull
   207 | D        | Reached skill level 16 in Unarmed Combat
   208 | D        | Killed a flying skull
   209 | D        | Reached skill level 10 in Fighting
   213 | D        | Killed a flying skull
   214 | D        | Reached XP level 9. HP: 68/101 MP: 8/8
   246 | D        | Found a viscous altar of Jiyva.
   246 | D        | Found a shimmering blue altar of Sif Muna.
   247 | D        | Found a snail-covered altar of Cheibriados.
   247 | D        | Found an ancient bone altar of Kikubaaqudgha.
   247 | D        | Found a bloodstained altar of Trog.
   248 | D        | Found a shadowy altar of Dithmenos.
   248 | D        | Found a corrupted altar of Lugonu.
   249 | D        | Found a white marble altar of Elyvilon.
   249 | D        | Found a burning altar of Makhleb.
   250 | D        | Found a blossoming altar of Fedhas.
   252 | D        | Found an opulent altar of Gozag.
   252 | D        | Found a glowing golden altar of the Shining One.
   252 | D        | Found a basalt altar of Yredelemnul.
   252 | D        | Found a hide-covered altar of Uskayaw.
   252 | D        | Found a sparkling altar of Nemelex Xobeh.
   253 | D        | Found a glowing silver altar of Zin.
   253 | D        | Found a radiant altar of Vehumet.
   253 | D        | Found an iron altar of Okawaru.
   263 | D        | Became a worshipper of Warmaster Okawaru
   280 | D        | Noticed a kraken
   290 | D        | Reached skill level 17 in Unarmed Combat
   557 | D        | Killed a kraken
   557 | D        | Reached * piety under Okawaru
   558 | D        | Reached skill level 18 in Unarmed Combat
   634 | D        | Noticed a yaktaur
   634 | D        | Noticed a polar bear
   634 | D        | Noticed a polar bear
   639 | D        | Killed a polar bear
   640 | D        | Noticed a polar bear
   648 | D        | Killed a polar bear
   648 | D        | Reached ** piety under Okawaru
   649 | D        | Reached XP level 10. HP: 46/115 MP: 7/9
   652 | D        | Reached skill level 19 in Unarmed Combat
   658 | D        | Reached skill level 5 in Shapeshifting
   723 | D        | Noticed a death drake
   725 | D        | Noticed a crystal guardian
   726 | D        | Noticed a death drake
   732 | D        | HP: 7/172 [poisoned by a death drake (dark miasma)]
   738 | D        | HP: 1/172 [death drake] (11)]
   744 | D        | Killed a death drake
   748 | D        | Killed a death drake
   750 | D        | Killed from afar by a crystal guardian

Illustrated notes

Levels and vault maps discovered:
D:        the_violet_keep_of_menkaure [sprint2_stairs_cluster_1,
          sprint2_shoproom, sprint2_temple, sprint2_basic_supplies,
          sprint2_obstacle_1, sprint2_obstacle_4, sprint2_obstacle_7,
          sprint2_obstacle_3, sprint2_obstacle_2, sprint2_timed_cluster_1,
          sprint2_smallroom_cluster_1, sprint2_smallroom_final_cluster_1,
          sprint2_transparent_cluster_1, sprint2_second_timed_cluster_1,
          sprint2_sniper_area_1, sprint2_heavy_combat_area_1,
          sprint2_mutation_trap_area_1, sprint2_forest_area_1,
          sprint2_light_combat_area_1, sprint2_behind_water_1,
          sprint2_near_end_vault_1]

Skill      XL: |  1  2  3  4  5  6  7  8  9 10 |
---------------+-------------------------------+-----
Fighting       | 3 4 5 7 8 10 11 | 11.7
Unarmed Combat | 6 8 9 12 14 16 18 19 | 19.0
Shapeshifting  | 8 |  8.1
Dodging        | |  1.5

Action                     |  1- 3 |  4- 6 |  7- 9 | 10-12 || total
---------------------------+-------+-------+-------+-------++-------
  Melee: Unarmed           |     8 |     9 |    81 |    20 ||   118
         Punch             |       |       |     8 |     1 ||     9
 Invoke: Heroism           |       |       |     1 |     1 ||     2
    Use: Potion            |       |       |       |     6 ||     6
 Armour: Animal skin       |     1 |       |    12 |       ||    13
         Skin              |       |       |       |    18 ||    18
  Dodge: Dodged            |     1 |     1 |    29 |     3 ||    34

Table legend: (Time is in decaauts)
 A = Elapsed time spent in this place.
 B = Non-inter-level travel time spent in this place.
 C = Inter-level travel time spent in this place.
 D = Time resting spent in this place.
 E = Time spent auto-exploring this place.
 F = Levels seen in this place.
 G = Mean time per level.
                   A        B        C        D        E       F      G
               +--------+--------+--------+--------+--------+-----+--------+
         Total |    724 |    724 |      0 |    317 |      0 |   1 |  724.0 |
       Dungeon |    724 |    724 |      0 |    317 |      0 |   1 |  724.0 |
               +--------+--------+--------+--------+--------+-----+--------+

Top non-repeatable levels by time:
       D: 724 daAuts
